 Dungeon Crawl Stone Soup version 0.32-a0-643-ga006e7742e (webtiles) character file.

Game seed: 15714746764250434934

100621 ragingrage the Brawler (level 15, -25/156 HPs)
             Began as a Troll Delver on Mar 8, 2024.
             Was the Champion of Beogh.
             Annihilated by a vault guard
             ... wielding a +3 halberd
              (33 damage)
             ... on level 15 of the Dungeon.
             The game lasted 00:32:40 (22539 turns).

ragingrage the Brawler (Troll Delver)              Turns: 22539, Time: 00:32:40

Health: -25/156    AC:  7    Str: 30    XL:     15   Next: 81%
Magic:  20/20      EV: 13    Int:  6    God:    Beogh [******]
Gold:   1885       SH:  0    Dex: 17    Spells: 9/14 levels left

rFire   . .          .
                       - Unarmed
rCold   . . .        (no shield)
rNeg    . . .        L - +0 steam dragon scales
rPois   .            (helmet currently unavailable)
rElec   .            (cloak currently unavailable)
rCorr   .            (gloves unavailable)
SInv    .            (boots unavailable)
Will    +....        (no amulet)
Stlth   ++           p - +4 ring of slaying
HPRegen 1.26/turn    Z - ring "Etezeh" {Dex+6 Slay+2}
MPRegen 0.17/turn

%: no passive effects
@: beast-form, fragile (+50% incoming damage), studying 2 skills
A: beast (slay +4), walk on water, large, unfitting armour, claws 3,
regeneration 1, shaggy fur 1, tough skin 1
a: Begin Untransformation, Renounce Religion, Smiting, Recall Apostles, Blood
for Blood, Dismiss Jorge, priest, Dismiss Wargrak, priest, Dismiss Spirok,
priest


You were on level 15 of the Dungeon.
You worshipped Beogh.
Beogh was exalted by your worship.
You were a hulking beast.
You visited 3 branches of the dungeon, and saw 22 of its levels.
You also visited: Gauntlet.

You collected 2144 gold pieces.
You spent 259 gold pieces at shops.

Inventory:

Missiles
 a - 14 javelins
 k - 52 poisoned darts (quivered)
 M - 33 large rocks
 P - 6 silver javelins
 W - 18 boomerangs
Armour
 r - a +1 robe of cold resistance
 v - a +0 robe of willpower
 G - the +0 robe "Epropner" {rCorr Str+9 Dex-4 Slay+2}
   (You found it on level 13 of the Dungeon)

   Str+9:     It affects your strength (+9).
   Dex-4:     It affects your dexterity (-4).
   Slay+2:    It affects your accuracy & damage with ranged weapons and melee
   (+2).
   rCorr:     It protects you from acid and corrosion.
 L - +0 steam dragon scales (worn)
 S - a +0 cloak
Jewellery
 n - a ring of protection from fire
 o - a ring of poison resistance
 p - a +4 ring of slaying (left claw)
 C - the ring of the Dolphin {Wiz Str+5 Dex-3}
   (You found it on level 15 of the Dungeon)

   [ring of wizardry]

   Wiz:       It improves your spell success rate.
   Str+5:     It affects your strength (+5).
   Dex-3:     It affects your dexterity (-3).
 D - a ring of see invisible
 V - a ring of willpower
 Z - the ring "Etezeh" (right claw) {Dex+6 Slay+2}
   (You found it on level 15 of the Dungeon)

   [ring of dexterity]

   Dex+6:     It affects your dexterity (+6).
   Slay+2:    It affects your accuracy & damage with ranged weapons and melee
   (+2).
Talismans
 u - a beast talisman (active)
 J - a blade talisman
 O - a maw talisman
Wands
 f - a wand of digging (3)
 s - a wand of iceblast (6)
 E - a wand of polymorph (11)
 I - a wand of charming (25)
 R - a wand of flame (19)
 U - a wand of acid (3)
Scrolls
 b - 3 scrolls of fog
 c - 3 scrolls of revelation
 i - 3 scrolls of vulnerability
 l - 9 scrolls of teleportation
 m - 3 scrolls of summoning
 q - 4 scrolls of immolation
 y - 7 scrolls of amnesia
 B - 4 scrolls of blinking
 F - 4 scrolls of poison
 K - 3 scrolls of noise
 N - a scroll of enchant armour
 X - a scroll of brand weapon {unknown}
 Y - a scroll of silence
Potions
 d - 3 potions of enlightenment
 e - 4 potions of haste
 h - a potion of cancellation
 j - 5 potions of magic
 t - 2 potions of resistance
 w - 2 potions of brilliance {unknown}
 x - 4 potions of curing
 z - 4 potions of lignification
 A - 3 potions of mutation
 H - 3 potions of might {unknown}
 T - 3 potions of attraction {unknown}
Miscellaneous
 Q - a lightning rod (4/4)


   Skills:
 - Level 12.0 Fighting
 - Level 7.5 Throwing
 - Level 4.0 Armour
 - Level 6.0 Dodging
 - Level 2.7 Stealth
 + Level 17.5 Unarmed Combat
 - Level 9.0 Invocations
 - Level 4.0 Evocations
 + Level 8.8 Shapeshifting


You had 9 spell levels left.
You knew the following spells:

 Your Spells              Type           Power      Damage    Failure   Level
a - Fugue of the Fallen   Necr           0%         N/A       83%         3
b - Blink                 Tloc           0%         N/A       58%         2

Your spell library contained the following spells:

 Spells                   Type           Power      Damage    Failure   Level
 Apportation              Tloc           0%         N/A       45%         1
 Freeze                   Ice            0%         1d3       45%         1
 Magic Dart               Conj           0%         1d3       45%         1
 Shock                    Conj/Air       0%         1d3       45%         1
 Call Imp                 Summ           0%         N/A       58%         2
 Ensorcelled Hibernation  Hex/Ice        0%         N/A       58%         2
 Mercury Vapours          Alch/Air       0%         N/A       58%         2
 Static Discharge         Conj/Air       0%         3-3/arc   58%         2
 Frozen Ramparts          Ice            0%         1d1       83%         3
 Gell's Gravitas          Tloc           0%         N/A       83%         3
 Hailstorm                Conj/Ice       0%         3d5       83%         3
 Inner Flame              Hex/Fire       0%         N/A       83%         3
 Mephitic Cloud           Conj/Alch/Air  0%         N/A       83%         3
 Ozocubu's Armour         Ice            0%         N/A       83%         3
 Swiftness                Air            0%         N/A       83%         3
 Airstrike                Air            0%         2d(0-16)  99%         4
 Anguish                  Hex/Necr       0%         N/A       99%         4
 Flame Wave               Conj/Fire      0%         2d4       99%         4
 Leda's Liquefaction      Alch/Erth      0%         N/A       99%         4
 Manifold Assault         Tloc           0%         N/A       99%         4
 Sticky Flame             Fire/Alch      0%         2d4       99%         4
 Summon Lightning Spire   Summ/Air       0%         N/A       99%         4
 Vhi's Electric Charge    Tloc/Air       0%         N/A       99%         4
 Arcjolt                  Conj/Air       0%         1d10      100%        5
 Freezing Cloud           Conj/Ice/Air   0%         6-21      100%        5
 Lee's Rapid Deconstruct  Erth           0%         3d4*      100%        5
 Metabolic Englaciation   Hex/Ice        0%         N/A       100%        5
 Bombard                  Conj/Erth      0%         9d1       100%        6
 Sculpt Simulacrum        Ice/Alch       0%         N/A       100%        6
 Disjunction              Tloc           0%         N/A       100%        8
 Maxwell's Capacitive Co  Air            0%         ∞         100%        8


Dungeon Overview and Level Annotations

Branches:
Dungeon (15/15)            Temple (0/1) D:5            Lair (5/5) D:9
  Swamp (0/4) Lair:2        Snake (0/4) Lair:2        Slime (0/5) Lair:5
    Orc (2/2) D:12            Elf (0/3) Orc:2        Vaults (0/5) D:13
 Depths (0/4) D:15        Gauntlet (visited)

Altars:
Dithmenos
Elyvilon
Hepliaklqana
Makhleb
Nemelex Xobeh
Qazlal
Ru
Zin
Beogh
Jiyva
Lugonu

Shops:
D:6 (?!*   D:7 *   Orc:2 (=[*

Portals:
Abyss: Lair:5

Annotations:
D:5 exclusion: downstairs
D:8 1 runed translucent door, sleeves's ghost, novice DjCK
D:10 3 runed translucent doors, Dittersdorf's ghost, journeyman GrFi
D:14 1 exclusion


Innate Abilities, Weirdness & Mutations

You are a hulking beast.
Your limbs bulge with bestial killing power. (Slay +4)
You can walk on water.
Your facial features are unmistakably orcish.
You are too large for most types of armour.
You have claws for hands.
Your natural rate of healing is unusually fast.
You are covered in fur. (AC +1)
You have tough skin. (AC +1)


Message History

You feel your fragility will last longer.
Wargrak hits the glass eye with the +1 hand axe "Uqiyts".
Wargrak hits the vault guard with the +1 hand axe "Uqiyts".
Spirok completely misses the glass eye.
You mangle the glass eye!!
You kill the glass eye!
Jorge invokes the aid of Beogh against the vault guard.
The vault guard is smitten.
Your cerulean imp hits the vault guard but does no damage.
The vault guard hits you from afar with a +3 halberd!!
You are too injured to fight recklessly!
You are too injured to fight recklessly!
You are too injured to fight recklessly!
Jorge mumbles some strange prayers to Beogh against the vault guard.
The vault guard is smitten.
Your cerulean imp hits the vault guard but does no damage.
The vault guard hits you with a +3 halberd!!
* * * LOW HITPOINT WARNING * * *
You barely miss the vault guard.
Wargrak hits the vault guard with the +1 hand axe "Uqiyts".
Spirok hits the vault guard but does no damage.
You scratch the vault guard but do no damage.
Your cerulean imp hits the vault guard from afar with a +1 spear.
The vault guard hits you with a +3 halberd!!
* * * LOW HITPOINT WARNING * * *
Wargrak utters an invocation to Beogh.
Spirok hits the vault guard with a +2 mace of holy wrath.
You feel much better.
The vault guard hits you with a +3 halberd!!
* * * LOW HITPOINT WARNING * * *
Your cerulean imp barely misses the vault guard.
Wargrak hits the vault guard with the +1 hand axe "Uqiyts"!
Spirok closely misses the vault guard.
Your orange demon barely misses the vault guard.
Jorge hits the vault guard with a +6 hand axe of freezing.
Jorge freezes the vault guard.
Unknown command.
Your cerulean imp closely misses the vault guard.
The vault guard hits you from afar with a +3 halberd!!
You die...

##.'.....#.....#+##
##oo#..............+
#..o##+#.....#.....##
#..†...##.....#.....#+#
#
##|...###...~~.#.......
# ##..##
##..~≈5.#...... #. ####
##.~≈~oo...... ....
#....4p...... .#....
###.ho..#............
##.....# ...#.....
#............^...#
#####......#......
...........#.
....#.......
+#.......#.. .........
##+###'#


You could see a vault guard (ally target), the friendly Jorge the orc apostle,
the friendly Spirok the orc apostle, the friendly Wargrak the orc apostle, a
friendly orange demon (summoned) and a friendly cerulean imp (summoned).

Vanquished Creatures
  A storm dragon (D:13)
  Kirke (D:14)
  2 stone giants (D:15)
  Josephine (D:15)
  A blizzard demon (Gauntlet)
  2 vault guards (D:15)
  Erolcha (D:13)
  3 centaur warriors
  An ogre mage (D:15)
  3 catoblepae
  A death knight (D:14)
  A two-headed ogre (D:11)
  Erica (D:9)
  A deep troll shaman (D:15)
  6 boulder beetles
  An orc high priest (Orc:2)
  2 thrashing horrors (Lair:5)
  2 skysharks
  Lodul (D:14)
  2 large abominations (Lair:5)
  7 skeletal warriors
  An orc knight (Orc:2)
  An arcanist (D:15)
  2 deep elf pyromancers
  A wolf spider (D:15)
  12 ugly things
  6 manticores
  4 cyclopes
  2 meliai (D:14)
  2 kobold blastminers (Orc:2)
  3 elephants (Lair:3)
  5 black mambas
  3 gargoyles
  Jeremiah (D:6)
  5 rime drakes
  A cane toad (shapeshifter) (D:15)
  6 cane toads
  2 efreet
  A freezing wraith (D:14)
  2 tengu conjurers (Gauntlet)
  8 komodo dragons
  Psyche (D:11)
  An ice devil (Gauntlet)
  5 trolls
  3 raiju (Lair:5)
  4 polar bears
  A wind drake (shapeshifter) (Lair:5)
  A hornet (D:9)
  21 blink frogs
  3 glass eyes (D:15)
  10 slime creatures
  Sigmund (D:2)
  A shadow (D:9)
  A centaur simulacrum (D:15)
  A ynoxinul (Lair:5)
  5 wyverns
  4 wraiths
  A spriggan (Lair:5)
  A vampire (D:14)
  A fire elemental (D:14)
  2 steam dragons
  5 hogs (D:14)
  6 basilisks
  Eustachio (D:5)
  19 yaks
  5 wargs
  Menkaure (D:6)
  A chaos spawn (Lair:5)
  4 small abominations (Lair:5)
  3 acid dragons
  A swamp worm (D:14)
  15 water moccasins
  6 orc warriors
  4 black bears
  4 ice beasts
  6 laughing skulls
  10 ogres
  15 wolves
  12 centaurs
  3 phantoms
  2 kobold brigands
  2 gnoll sergeants
  12 bullfrogs
  3 scorpions
  10 wights
  3 killer bees (D:8)
  2 electric eels
  A howler monkey (D:5)
  2 bombardier beetles
  A jelly (D:5)
  A gnoll bouda (D:7)
  4 orc priests
  2 hounds (D:7)
  An iguana (D:8)
  A sleepcap (D:6)
  Natasha (thrice) (D:2)
  11 orc wizards
  A killer bee simulacrum (D:8)
  14 gnolls
  8 adders
  2 white imps
  2 ufetubi (D:7)
  3 ribbon worms
  4 dart slugs
  21 orcs
  7 endoplasms
  4 giant cockroaches
  7 hobgoblins
  10 jackals
  4 quokkas
  7 ball pythons
  A bat (D:3)
  3 frilled lizards
  15 goblins
  20 kobolds
  4 rats
496 creatures vanquished.

Vanquished Creatures (collateral kills)
  A minotaur (Gauntlet)
  Fannar (Orc:1)
  3 hydras
  A vault guard (D:15)
  A centaur warrior (D:15)
  A two-headed ogre (D:12)
  A tengu warrior (Gauntlet)
  A thrashing horror (Lair:5)
  An orc high priest (Orc:2)
  A skyshark (Lair:4)
  2 skeletal warriors
  An orc sorcerer (Orc:2)
  An ugly thing (D:12)
  A large abomination (Lair:5)
  A manticore (D:11)
  A meliai (shapeshifter) (D:15)
  2 black mambas (Lair:5)
  A meliai (D:14)
  2 smoke demons (Lair:5)
  An elephant (Lair:3)
  A molten gargoyle (D:14)
  2 cane toads
  An unseen horror (D:11)
  3 rime drakes
  A tengu conjurer (D:15)
  2 komodo dragons
  A troll (Orc:2)
  2 polar bears
  A glass eye (D:15)
  A hornet (D:9)
  9 blink frogs
  A jumping spider (shapeshifter) (Lair:5)
  4 wraiths
  A spriggan (shapeshifter) (Lair:5)
  A wyvern (shapeshifter) (D:15)
  18 yaks
  3 small abominations (Lair:5)
  6 basilisks
  A steam dragon (D:9)
  A warg (Orc:2)
  Grum (D:11)
  2 vampire mosquitoes (D:12)
  10 water moccasins
  An orc warrior (D:15)
  5 centaurs
  14 wolves
  A kobold brigand (D:8)
  4 bullfrogs
  2 killer bees
  3 electric eels
  An orc wizard (D:11)
  A gnoll (D:10)
  5 orcs
  A goblin (D:9)
  5 kobolds
141 creatures vanquished.

Vanquished Creatures (others)
  4 orc apostles
  2 orc sorcerers (Orc:2)
  An orc wizard (D:7)
  A shadow imp (D:5)
  A white imp (D:5)
  12 orcs
  A kobold (D:7)
22 creatures vanquished.

Grand Total: 659 creatures vanquished

Notes
Turn   | Place    | Note
-------+----------+-------------------------------------------
     0 | D:5      | ragingrage the Troll Delver began the quest for the Orb.
     0 | D:5      | Reached XP level 1. HP: 22/22 MP: 0/0
     1 | D:6      | Noticed a bullfrog
     9 | D:6      | Killed a bullfrog
    10 | D:6      | Reached skill level 4 in Unarmed Combat
    10 | D:6      | Reached XP level 2. HP: 16/29 MP: 1/1
    10 | D:6      | Reached XP level 3. HP: 20/36 MP: 2/2
   102 | D:6      | Reached XP level 4. HP: 41/44 MP: 3/3
   119 | D:6      | Noticed a sky beast
   119 | D:6      | Noticed a black bear
   119 | D:6      | Noticed Menkaure
   162 | D:5      | Killed a black bear
   163 | D:5      | Reached skill level 5 in Unarmed Combat
   163 | D:5      | Reached XP level 5. HP: 36/50 MP: 4/4
   262 | D:5      | Reached skill level 6 in Unarmed Combat
   292 | D:5      | Noticed Eustachio
   295 | D:5      | Noticed an orc warrior
   303 | D:5      | Killed an orc warrior
   304 | D:5      | Reached XP level 6. HP: 37/59 MP: 5/5
   318 | D:5      | Became a worshipper of Beogh the Shepherd
   346 | D:5      | Killed Eustachio
   347 | D:5      | Reached skill level 7 in Unarmed Combat
   347 | D:5      | Reached XP level 7. HP: 46/67 MP: 6/6
   579 | D:4      | Found a sacrificial altar of Ru.
  1000 | D:2      | Reached * piety under Beogh
  1001 | D:2      | Reached skill level 8 in Unarmed Combat
  1487 | D:2      | Noticed Natasha
  1491 | D:2      | Killed Natasha
  1589 | D:2      | Noticed Natasha
  1597 | D:2      | Killed Natasha
  1686 | D:2      | Noticed Sigmund
  1696 | D:2      | Killed Sigmund
  1697 | D:2      | Reached skill level 1 in Throwing
  1697 | D:2      | Reached XP level 8. HP: 75/78 MP: 7/7
  1957 | D:2      | Reached ** piety under Beogh
  1974 | D:2      | Identified the +1 short sword of Juhetoquyra {antimagic,
                  | *Slow Str+3 Dex+3}
  1994 | D:2      | Noticed Natasha
  2000 | D:2      | Killed Natasha
  2348 | D:3      | Found a roughly hewn altar of Beogh.
  2367 | D:3      | Found a faded altar of an unknown god.
  3345 | D:5      | Reached skill level 1 in Shapeshifting
  3355 | D:5      | Reached skill level 9 in Unarmed Combat
  3759 | D:5      | Found a staircase to the Ecumenical Temple.
  4081 | D:6      | Reached skill level 10 in Unarmed Combat
  4225 | D:6      | Killed Menkaure
  4226 | D:6      | Reached XP level 9. HP: 42/84 MP: 8/8
  4267 | D:6      | Found Ugoedoty's Distillery.
  4276 | D:6      | Bought a potion of berserk rage for 55 gold pieces
  4276 | D:6      | Bought a potion of curing for 33 gold pieces
  4276 | D:6      | Bought a potion of lignification for 33 gold pieces
  4276 | D:6      | Bought a potion of mutation for 88 gold pieces
  4317 | D:6      | Found Lummeem's Assorted Antiques.
  4320 | D:6      | Bought a scroll labelled AMUAK LAUMA for 24 gold pieces
  4405 | D:6      | Noticed a troll
  4421 | D:6      | Killed a troll
  4518 | D:6      | Noticed Jeremiah
  4523 | D:6      | Killed Jeremiah
  4601 | D:6      | Reached skill level 5 in Shapeshifting
  4642 | D:6      | Found Oplubiju's Magic Scroll Emporium.
  4685 | D:6      | Found Duuryfah's Antique Weapon Shop.
  4931 | D:7      | Found Mynigh's Assorted Antiques.
  4940 | D:7      | Bought a scroll labelled AMUAK LAUMA for 26 gold pieces
  4951 | D:7      | Found a glowing silver altar of Zin.
  4957 | D:7      | Found a burning altar of Makhleb.
  4964 | D:7      | Found a shadowy altar of Dithmenos.
  5081 | D:7      | Reached *** piety under Beogh
  5086 | D:7      | Reached skill level 5 in Fighting
  5119 | D:7      | Noticed Rocco
  5213 | D:7      | Anointed Rocco the priest as your apostle
  5773 | D:8      | Reached skill level 1 in Invocations
  5778 | D:8      | Reached skill level 11 in Unarmed Combat
  5778 | D:8      | Reached XP level 10. HP: 86/97 MP: 9/9
  5812 | D:8      | Noticed Jorge
  5833 | D:8      | Anointed Jorge the priest as your apostle
  6146 | D:8      | Found a runed translucent door.
  6147 | D:8      | Noticed sleeves's ghost (novice DjCK)
  6167 | D:8      | Reached **** piety under Beogh
  6237 | D:8      | Found a roughly hewn altar of Beogh.
  6445 | D:8      | Found a sparkling altar of Nemelex Xobeh.
  6446 | D:8      | Found a hazy altar of Hepliaklqana.
  6449 | D:8      | Found a white marble altar of Elyvilon.
  6768 | D:9      | Noticed Erica
  6777 | D:9      | Killed Erica
  6871 | D:9      | Found a staircase to the Lair.
  7496 | D:10     | Entered Level 10 of the Dungeon
  7823 | D:10     | Found a runed translucent gate.
  7823 | D:10     | Found a runed translucent gate.
  7825 | D:10     | Found a runed translucent gate.
  7826 | D:10     | Noticed a boulder beetle
  7826 | D:10     | Noticed Dittersdorf's ghost (journeyman GrFi)
  8020 | D:10     | Noticed an ogre mage
  8198 | D:11     | Identified a scroll of acquirement
  8199 | D:11     | Noticed a cyclops
  8200 | D:11     | Noticed a manticore
  8208 | D:11     | Killed a manticore
  8209 | D:11     | Reached XP level 11. HP: 75/109 MP: 13/13
  8209 | D:11     | Acquired a manual of Shields
  8220 | D:11     | Noticed Psyche
  8224 | D:11     | Reached skill level 12 in Unarmed Combat
  8224 | D:11     | Killed Psyche
  8225 | D:11     | Noticed a two-headed ogre
  8234 | D:11     | Killed a two-headed ogre
  8235 | D:11     | Reached skill level 5 in Invocations
  8260 | D:11     | Noticed Grum
  8266 | D:11     | Killed Grum
  8306 | D:11     | Found a frozen archway.
  8385 | D:11     | Found a gate leading to a gauntlet.
  8410 | Gauntlet | Entered a Gauntlet
  8410 | Gauntlet | Noticed a tengu warrior
  8410 | Gauntlet | Found a large runed translucent door.
  8410 | Gauntlet | Found a large runed translucent door.
  8410 | Gauntlet | Found a large runed translucent door.
  8410 | Gauntlet | Found a large runed translucent door.
  8410 | Gauntlet | Found a large runed translucent door.
  8410 | Gauntlet | Found a transporter.
  8410 | Gauntlet | Found a large runed translucent door.
  8410 | Gauntlet | Found a large runed translucent door.
  8410 | Gauntlet | Found a large runed translucent door.
  8410 | Gauntlet | Found a runed translucent door.
  8410 | Gauntlet | Found a runed translucent gate.
  8410 | Gauntlet | Found a runed translucent gate.
  8410 | Gauntlet | Found a transporter.
  8410 | Gauntlet | Found a transporter.
  8411 | Gauntlet | Found a transporter.
  8412 | Gauntlet | Found a transporter.
  8415 | Gauntlet | Found a transporter.
  8421 | Gauntlet | Found a runed translucent gate.
  8421 | Gauntlet | Found a transporter.
  8421 | Gauntlet | Found the +10 zealot's sword {holy, Zealotry, *Rage rN+
                  | EV+3}
  8423 | Gauntlet | Found a transporter.
  8423 | Gauntlet | Noticed a catoblepas
  8424 | Gauntlet | Found a runed translucent gate.
  8424 | Gauntlet | Found a transporter.
  8425 | Gauntlet | Found a runed translucent gate.
  8426 | Gauntlet | Found a transporter.
  8430 | Gauntlet | Noticed a blizzard demon
  8434 | Gauntlet | Found a transporter.
  8435 | Gauntlet | Found a transporter.
  8478 | Gauntlet | Found a runed translucent gate.
  8479 | Gauntlet | Found a large runed translucent door.
  8479 | Gauntlet | Found a large runed translucent door.
  8480 | Gauntlet | Found a large runed translucent door.
  8481 | Gauntlet | Found a large runed translucent door.
  8482 | Gauntlet | Found a large runed translucent door.
  8482 | Gauntlet | Found a large runed translucent door.
  8482 | Gauntlet | Found a runed translucent door.
  8483 | Gauntlet | Found a large runed translucent door.
  8484 | Gauntlet | Found a large runed translucent door.
  8612 | Gauntlet | Killed a tengu warrior
  8704 | Gauntlet | Killed a catoblepas
  8705 | Gauntlet | Reached skill level 13 in Unarmed Combat
  8791 | Gauntlet | Killed a blizzard demon
  8802 | Gauntlet | Identified the +2 helmet of Toucwem {rN+ Str+2 Int+3}
  8865 | Gauntlet | Identified the +4 flail of Yredelemnul's Esteem {antimagic,
                  | rPois rCorr Str+3 Int+2}
  8865 | Gauntlet | Identified the +4 ring mail of the Present {rPois rF+
                  | Slay+3}
  8865 | Gauntlet | Noticed a minotaur
  8870 | Gauntlet | Killed a minotaur
  8889 | Gauntlet | Got Vunosaut's Omnibus of the Blink Frog
  8940 | D:11     | Noticed Bogmar
  8953 | D:11     | Anointed Bogmar the wizard as your apostle
  9384 | Lair:1   | Entered Level 1 of the Lair of Beasts
  9404 | Lair:1   | Reached XP level 12. HP: 94/123 MP: 14/14
  9414 | Lair:1   | Reached ***** piety under Beogh
  9435 | Lair:1   | Reached skill level 14 in Unarmed Combat
  9519 | Lair:1   | Learned a level 3 spell: Fugue of the Fallen
  9522 | Lair:1   | Learned a level 2 spell: Blink
  9566 | Lair:1   | Found a stormy altar of Qazlal.
 10392 | Lair:2   | Reached skill level 10 in Fighting
 10515 | Lair:2   | Reached skill level 1 in Evocations
 10525 | Lair:2   | Noticed a five-headed hydra
 10529 | Lair:2   | Killed a five-headed hydra
 10564 | Lair:2   | Found a staircase to the Swamp.
 10971 | Lair:2   | Found a staircase to the Snake Pit.
 11333 | Lair:3   | Reached XP level 13. HP: 103/135 MP: 15/15
 12159 | Lair:3   | Reached skill level 5 in Throwing
 12321 | Lair:4   | Identified the +9 mace of the Changing Seer {venom, rF+}
 12321 | Lair:4   | Noticed Bogward
 12332 | Lair:4   | Anointed Bogward the priest as your apostle
 12820 | Lair:4   | Reached skill level 15 in Unarmed Combat
 13376 | Lair:5   | Entered Level 5 of the Lair of Beasts
 13390 | Lair:5   | Found a one-way gate to the infinite horrors of the Abyss.
 13390 | Lair:5   | Found a corrupted altar of Lugonu.
 13390 | Lair:5   | Reached ****** piety under Beogh
 13516 | Lair:5   | Found a viscous altar of Jiyva.
 13516 | Lair:5   | Found a staircase to the Slime Pits.
 14004 | Lair:5   | Reached skill level 1 in Armour
 14004 | Lair:5   | Reached XP level 14. HP: 137/146 MP: 17/17
 14480 | Lair:5   | Your ally Bogmar died
 15059 | D:12     | Identified the +1 hand axe "Uqiyts" {holy, Int+4}
 15073 | D:12     | Anointed Wargrak the priest as your apostle
 15499 | D:12     | Found a staircase to the Orcish Mines.
 15643 | D:12     | Your ally Bogward died
 15648 | D:12     | Your ally Wargrak died
 15649 | D:12     | Your ally Jorge died
 16508 | D:13     | Noticed Erolcha
 16559 | D:13     | Killed Erolcha
 16560 | D:13     | Reached skill level 5 in Dodging
 16708 | D:13     | Reached skill level 16 in Unarmed Combat
 17098 | D:13     | Identified the +0 robe "Epropner" {rCorr Str+9 Dex-4
                  | Slay+2}
 17356 | D:13     | Found a gate to the Vaults.
 17357 | D:13     | Noticed a storm dragon
 17451 | D:14     | Noticed Lodul
 17473 | D:14     | Killed Lodul
 17914 | D:13     | Killed a storm dragon
 18324 | D:14     | Identified the beast talisman of Duty {rF- Dex+4}
 18409 | D:14     | Reached XP level 15. HP: 74/156 MP: 20/20
 18614 | D:14     | Identified the +5 flail of the Eight Lovers {drain, *Noise
                  | rPois Str+6}
 18630 | D:14     | Noticed Nessos
 18727 | D:14     | Noticed Kirke
 18738 | D:14     | Killed Kirke
 18941 | D:14     | Nessos changed into Nessos the swamp worm
 18941 | D:14     | Noticed Nessos
 18947 | D:14     | Killed Nessos the swamp worm
 19828 | Orc:1    | Entered Level 1 of the Orcish Mines
 19941 | Orc:1    | Noticed Fannar
 19953 | Orc:1    | Killed Fannar
 20156 | Orc:2    | Entered Level 2 of the Orcish Mines
 20223 | Orc:2    | Found Ibojiq's Antique Armour Boutique.
 20386 | Orc:2    | Found Gumug's Jewellery Shop.
 20403 | Orc:2    | Found a staircase to the Elven Halls.
 20458 | Orc:2    | Found Empaykem's Antique Weapon Emporium.
 20707 | Orc:2    | Found Niofonk's General Store.
 21450 | D:15     | Entered Level 15 of the Dungeon
 21586 | D:15     | Identified the staff of Zyxuru {rElec rC+ Str+4 Int+2
                  | Stlth+ Ice}
 21718 | D:15     | Reached skill level 17 in Unarmed Combat
 21880 | D:15     | Identified the ring of the Dolphin {Wiz Str+5 Dex-3}
 21901 | D:15     | Anointed Spirok the priest as your apostle
 22097 | D:15     | Found a staircase to the Depths.
 22259 | D:15     | Identified the ring "Etezeh" {Dex+6 Slay+2}
 22297 | D:15     | Noticed Josephine
 22307 | D:15     | Killed Josephine
 22508 | D:15     | Identified the staff "Coifoam" {rF++ rCorr Earth}
 22538 | D:15     | HP: 7/156 [vault guard/+3 halberd (37)]
 22539 | D:15     | Annihilated by a vault guard

Illustrated notes

Levels and vault maps discovered:
D:1:      psy_arrival_conway, layout_rooms
D:2:      minmay_inner_zag, layout_basic,
          nicolae_concentric_dashed_squares_mild, uniq_natasha, uniq_sigmund
D:3:      layout_basic, hellmonk_ecumenical_altar_defaced_shrine
D:4:      layout_loops_corners, hangedman_ru_absence, minmay_manual_macuahuitl
D:5:      layout_basic, minmay_temple_entry_fiery, uniq_eustachio
D:6:      layout_gridville, serial_shops, shop, nicolae_shop_behind_doors,
          nicolae_shop_statue_plus, nicolae_lakefront_shop, uniq_jeremiah,
          uniq_menkaure
D:7:      layout_basic, gammafunk_temple_overflow_forgotten, serial_rivers,
          chequers_serial_rivers_micro_d, chequers_serial_rivers_micro_a,
          chequers_serial_rivers_micro_e, chequers_serial_rivers_small_a,
          serial_shops, nicolae_shop_tiny_glass
D:8:      layout_loops_ring, minitemple, serial_ice, serial_ice_m, serial_ice_j,
          serial_ice_o, serial_ice_h, ebering_ghost_reflecting_pool,
          special_room [special_room_orc], minivault_27, disabler_island
D:9:      corexii_shack_village, layout_loops_ring, lair_entry_dummy, uniq_erica
D:10:     layout_loops_ring, gammafunk_ghost_split
D:11:     layout_big_octagon, gauntlet_entry_generic,
          portal_ice_cave_entry_pillars_2, uniq_psyche, uniq_grum
D:12:     layout_irregular_city, orc_0_dummy, st_stairs_11, grunt_ministairs_12
D:13:     layout_loops_cross, hellmonk_vaults_attempted_burglary, uniq_erolcha
D:14:     layout_basic, uniq_lodul, uniq_kirke, uniq_nessos
D:15:     hangedman_spin_cycle, uniq_josephine
Lair:1:   layout_small_grid, basic_altar, columned_hall_lemuel, st_stairs_5,
          cheibrodos_lair_lostbears
Lair:2:   layout_chaotic_city, swamp_mist_pool, minmay_snake_entry_six_corridors
Lair:3:   layout_cave_pods, grunt_megastairs_4, serial_bayou_shore_b,
          infiniplex_staircase_pool_2, serial_bayou_shore_a,
          serial_bayou_shore_b
Lair:4:   layout_cave_pods, lemuel_old_faithful
Lair:5:   hellmonk_lair_end_abyssal_woods, layout_misc_corridors, slime_entry_1,
          lemuel_fruit_fields, grunt_megastairs_2
Orc:1:    layout_caves, uniq_fannar
Orc:2:    grunt_orc_gardens, layout_caves, grunt_orc_garden, grunt_orc_garden,
          grunt_orc_garden, grunt_orc_garden

Skill      XL: |  1  2  3  4  5  6  7  8  9 10 11 12 13 14 15 |
---------------+----------------------------------------------+-----
Unarmed Combat | 4 5 6 7 8 10 11 13 14 15 16 17 | 17.5
Fighting       | 3 4 5 7 9 10 11 12 | 12.0
Throwing       | 1 2 4 6 7 |  7.5
Shapeshifting  | 4 6 7 8 |  8.8
Invocations    | 1 4 5 6 8 9 |  9.0
Evocations     | 3 4 |  4.0
Dodging        | 3 5 6 |  6.0
Armour         | 1 4 |  4.0
Stealth        | |  2.7

Action                     |  1- 3 |  4- 6 |  7- 9 | 10-12 | 13-15 || total
---------------------------+-------+-------+-------+-------+-------++-------
  Melee: Unarmed           |     9 |    38 |   341 |   275 |   681 ||  1344
         Punch             |     1 |     1 |    14 |    27 |    89 ||   132
  Throw: Dart              |       |       |     8 |       |    22 ||    30
         Javelin           |       |       |       |     1 |       ||     1
         Boomerang         |       |       |       |       |     7 ||     7
 Invoke: Convert to Beogh  |       |     1 |       |       |       ||     1
         Recruit Apostle   |       |       |     1 |     2 |     3 ||     6
         Recall Apostles   |       |       |       |     5 |     3 ||     8
         Smiting           |       |       |       |     2 |    13 ||    15
         Dismiss Apostle   |       |       |       |       |     3 ||     3
  Evoke: Wand              |       |       |       |     4 |     1 ||     5
         Lightning rod     |       |       |       |       |     3 ||     3
    Use: Scroll            |       |     1 |    10 |     5 |     8 ||    24
         Potion            |       |       |     1 |     1 |     7 ||     9
   Stab: Sleeping          |     1 |     1 |    12 |     3 |     2 ||    19
         Distracted        |       |       |     2 |    10 |     9 ||    21
         Confused          |       |       |       |     1 |     1 ||     2
 Armour: Robe              |     4 |    27 |   241 |    40 |       ||   312
         Steam dragon scal |       |       |       |   166 |   595 ||   761
  Dodge: Dodged            |     6 |    11 |   144 |   110 |   327 ||   598
   Form: Beast             |       |       |     1 |       |     1 ||     2
         Maw               |       |       |       |       |     1 ||     1

Table legend: (Time is in decaauts)
 A = Elapsed time spent in this place.
 B = Non-inter-level travel time spent in this place.
 C = Inter-level travel time spent in this place.
 D = Time resting spent in this place.
 E = Time spent auto-exploring this place.
 F = Levels seen in this place.
 G = Mean time per level.
                   A        B        C        D        E       F      G
               +--------+--------+--------+--------+--------+-----+--------+
         Total |  22240 |  20462 |   1778 |   2387 |  13996 |  23 |  967.0 |
       Dungeon |  15018 |  13682 |   1336 |   1717 |   9079 |  15 | 1001.2 |
          Lair |   5396 |   5079 |    317 |    420 |   3857 |   5 | 1079.2 |
  Orcish Mines |   1340 |   1216 |    124 |     95 |    931 |   2 |  670.0 |
      Gauntlet |    485 |    485 |      0 |    155 |    129 |   1 |  485.0 |
               +--------+--------+--------+--------+--------+-----+--------+

Top non-repeatable levels by time:
    D:14: 2401 daAuts
    D:13: 1308 daAuts
  Lair:5: 1278 daAuts
    D:12: 1218 daAuts
  Lair:4: 1093 daAuts
     D:6: 1067 daAuts
  Lair:3: 1066 daAuts
  Lair:1: 1038 daAuts
    D:15: 986 daAuts
     D:4: 967 daAuts
     D:8: 963 daAuts
     D:2: 947 daAuts
  Lair:2: 920 daAuts
     D:5: 886 daAuts
   Orc:2: 882 daAuts
